Map: Wolfe Industries

Players

Mørtebianca - Winner!

  • Race: Zerg Zerg
  • League: Diamond
  • Spawn Location: 3:00

Jhyrachy - Winner!

  • Race: Zerg Zerg
  • League: Silver
  • Spawn Location: 12:00

Xaro

  • Race: Zerg Zerg
  • League: Platinum
  • Spawn Location: 7:00

ÑêxKunin

  • Race: Terran Terran
  • Spawn Location: 7:00

VOD

Have the link to the VOD?

Description

Time

  • Played on: Dec. 9, 2015, 3:03 p.m.
  • Length: 11:22
Show
View Real Time Build Order
Export as new Build Order

Mørtebianca Zerg - Winner!

Build Orders: 3 Hatch before Pool 

Get SALT Encoding   

  12  0:01  Drone  
  13  0:11  Drone  
  14  0:17  Overlord  
  17  0:35  Drone x3  
  17  0:55  Hatchery  
  16  0:58  Drone  
  16  0:59  Drone  
  18  1:21  Hatchery  
  18  1:24  Drone  
  18  1:26  Extractor  
  18  1:29  Drone  
  18  1:31  Extractor  
  17  1:33  Drone  
  18  1:41  Drone  
  19  1:50  Drone  
  20  2:01  Drone  
  21  2:10  Drone  
  21  2:13  Drone  
  23  2:21  Spawning Pool  
  22  2:23  Drone x2  
  22  2:29  Drone  
  25  2:33  Drone  
  25  2:36  Drone  
  27  2:41  Drone, Evolution Chamber  
  28  2:44  Drone, Evolution Chamber  
  28  2:47  Drone  
  28  2:50  Drone  
  29  2:57  Drone  
  30  2:59  Hatchery, Drone  
  30  3:01  Drone  
  31  3:13  Zergling x6  
  31  3:19  Metabolic Boost  
  34  3:22  Overlord x3  
  34  3:26  Zerg Melee Weapons Level 1  
  34  3:29  Overlord  
  34  3:50  Drone x3  
  34  3:51  Drone x3  
  40  3:56  Drone x2  
  42  4:06  Drone x3  
  45  4:10  Hatchery  
  45  4:14  Drone x3  
  47  4:20  Zerg Ground Armor Level 1  
  47  4:25  Zergling x8  
  47  4:28  Queen  
  47  4:29  Queen x2  
  47  4:31  Overlord  
  57  4:34  Drone x2  
  57  4:36  Drone  
  57  4:37  Drone  
  61  4:45  Zergling x6  
  63  4:49  Zergling x2  
  65  4:53  Extractor  
  65  4:54  Extractor, Drone x2  
  65  4:56  Drone  
  66  5:00  Roach Warren  
  66  5:04  Lair  
  65  5:08  Drone x2  
  65  5:09  Drone  
  65  5:10  Drone x2  
  70  5:16  Drone x2  
  69  5:29  Zergling x12  
  71  5:37  Zergling x2  
  71  5:38  Zergling x12  
  75  5:43  Zerg Missile Weapons Level 1  
  75  5:51  Extractor  
  75  5:52  Drone x3  
  75  5:53  Drone x3, Extractor  
  75  5:54  Drone  
  75  5:55  Drone x4  
  83  6:00  Overlord  
  83  6:01  Glial Reconstitution  
  83  6:09  Hydralisk Den  
  82  6:14  Overseer  
  82  6:16  Roach  
  82  6:17  Roach  
  82  6:18  Overlord x5  
  81  6:41  Roach x16  
  105  6:51  Roach  
  100  6:57  Roach x2  
  100  6:58  Roach x3  
  109  7:04  Roach x4  
  109  7:08  Roach  
  109  7:09  Overlord x2  
  109  7:10  Overlord x2  
  107  7:18  Roach  
  107  7:19  Roach x3  
  107  7:20  Drone x2  
  107  7:21  Drone  
  106  7:23  Overlord x2  
  106  7:29  Overlord x3  
  92  7:31  Roach  
  92  7:35  Muscular Augments  
  92  7:37  Zerg Ground Armor Level 2  
  86  7:38  Zerg Missile Weapons Level 2  
  86  7:42  Hydralisk  
  86  7:43  Hydralisk x3  
  92  7:50  Hydralisk x3  
  98  7:56  Tunneling Claws  
  98  8:02  Roach  
  98  8:03  Roach x3  
  98  8:04  Zergling x4  
  108  8:06  Drone  
  108  8:07  Drone  
  108  8:08  Drone  
  111  8:17  Roach x3  
  111  8:18  Roach  
  119  8:25  Drone x4  
  119  8:26  Drone  
  124  8:36  Roach x5  
  134  8:43  Drone x3  
  134  8:44  Extractor  
  134  8:46  Drone x2  
  134  8:47  Drone  
  134  8:48  Extractor  
  138  8:51  Hydralisk x3  
  144  9:01  Hydralisk x3  
  144  9:02  Hydralisk  
  148  9:04  Overlord  
  134  9:26  Hydralisk x10  
  108  9:38  Hydralisk  
  108  9:39  Hydralisk x4  
  108  9:42  Hydralisk  
  108  9:44  Hydralisk  
  122  10:10  Infestation Pit  
  122  10:11  Hatchery, Roach x6  
  122  10:12  Extractor  
  122  10:13  Extractor, Roach  
  132  10:17  Roach x2  
  132  10:21  Roach x2  
  140  10:31  Roach x4  
  140  10:32  Roach  
  140  10:35  Overlord  
  150  10:46  Hydralisk  
  150  10:47  Hydralisk x4  
  144  10:58  Roach x5  
  144  10:59  Roach  
Show
View Real Time Build Order
Export as new Build Order

Jhyrachy Zerg - Winner!

Build Orders: Hatch First 

Get SALT Encoding   

  12  0:01  Drone  
  13  0:13  Overlord  
  13  0:20  Drone  
  14  0:32  Drone x2  
  16  0:40  Drone  
  17  1:11  Hatchery  
  16  1:13  Extractor  
  16  1:15  Spawning Pool  
  16  1:16  Drone x2  
  16  1:39  Drone x2  
  18  1:40  Overlord  
  18  2:02  Queen  
  20  2:09  Drone  
  20  2:10  Zergling x2  
  22  2:25  Queen  
  22  2:27  Drone x3  
  27  2:38  Queen  
  27  2:43  Metabolic Boost  
  29  2:47  Drone x2  
  29  2:49  Drone, Overlord  
  32  3:01  Extractor  
  32  3:05  Baneling Nest  
  29  3:14  Zergling x2  
  29  3:15  Zergling x12  
  34  3:25  Queen  
  36  4:02  Drone x6  
  42  4:20  Overlord x2  
  42  4:49  Drone x4  
  46  5:27  Roach Warren  
  45  5:42  Hatchery  
  44  5:44  Queen  
  44  5:46  Hatchery  
  45  6:00  Overlord x3  
  45  6:01  Overlord x3  
  45  6:10  Extractor  
  44  6:13  Extractor, Drone x3  
  44  6:14  Drone  
  44  6:15  Drone x2  
  44  6:16  Drone x4  
  53  6:33  Roach x7  
  53  6:34  Roach x6  
  79  6:55  Roach x6  
  78  7:10  Roach  
  78  7:11  Roach  
  63  7:30  Roach  
  63  7:31  Roach x14  
  91  7:45  Lair  
  91  8:09  Roach  
  91  8:10  Roach x9  
  91  8:11  Overlord x4  
  111  8:59  Roach  
  111  9:00  Roach x14  
  111  9:01  Roach  
  143  9:07  Overlord x4  
  143  9:08  Overlord  
  143  9:14  Roach x8  
  139  9:26  Ravager  
  139  9:27  Ravager x6  
  139  9:28  Ravager  
  147  9:38  Ravager x13  
  139  10:19  Roach x6  
  139  10:20  Roach x9  
  160  11:05  Drone x4  
  160  11:06  Drone x7  
  160  11:07  Drone x2  
Show
View Real Time Build Order
Export as new Build Order

Xaro Zerg 

Build Orders: Hatch First, Zergling Baneling 

Get SALT Encoding   

  12  0:00  Drone  
  13  0:12  Overlord  
  13  0:17  Drone  
  14  0:30  Drone  
  14  0:31  Drone  
  16  0:36  Drone  
  17  0:53  Hatchery  
  17  0:56  Drone  
  17  1:00  Extractor  
  17  1:01  Drone  
  17  1:15  Spawning Pool  
  16  1:21  Drone  
  16  1:22  Drone  
  18  1:28  Drone  
  19  1:38  Overlord  
  19  1:49  Drone  
  20  2:04  Metabolic Boost  
  20  2:05  Queen  
  22  2:13  Queen  
  24  2:22  Drone x3  
  27  2:24  Drone  
  28  2:32  Overlord  
  28  2:38  Drone x2  
  28  2:39  Drone, Extractor  
  28  2:43  Evolution Chamber  
  29  2:49  Lair  
  29  2:54  Drone x2  
  31  3:04  Drone, Roach Warren  
  31  3:05  Drone  
  32  3:06  Drone  
  33  3:15  Drone x2  
  33  3:19  Overlord  
  35  3:40  Baneling Nest  
  34  3:44  Zergling x12  
  40  3:50  Zerg Melee Weapons Level 1  
  40  3:51  Glial Reconstitution  
  40  3:55  Zergling x2  
  41  3:58  Overlord  
  41  3:59  Overlord x2  
  41  4:03  Zergling x8  
  45  4:12  Overlord  
  45  4:18  Roach  
  45  4:19  Roach  
  49  4:25  Baneling x3  
  49  4:26  Baneling x4  
  49  4:27  Baneling  
  49  4:28  Zergling x2  
  50  4:31  Zergling x2  
  50  4:32  Zergling x8  
  50  4:35  Baneling x2  
  55  4:41  Baneling  
  55  4:42  Zergling x4  
  55  4:43  Zergling x2  
  58  4:52  Overlord x2  
  58  4:55  Drone, Extractor  
  58  5:01  Drone x3  
  58  5:05  Roach  
  63  5:07  Baneling x2  
  63  5:08  Roach  
  61  5:38  Zergling x8  
  61  5:40  Roach x5  
  75  5:45  Overlord  
  75  5:47  Zerg Melee Weapons Level 2  
  76  5:50  Zergling x2  
  76  6:09  Roach  
  76  6:10  Roach x2  
  82  6:19  Baneling x4  
  82  6:20  Baneling, Overlord x2  
  82  6:24  Roach  
  82  6:25  Roach x3  
  82  6:46  Hatchery, Zergling x2  
  78  6:47  Zergling x6  
  79  7:08  Roach x5  
  75  7:20  Roach x2  
  53  7:39  Roach x5  
  62  7:51  Zergling x4  
  62  8:23  Roach x5  
  62  8:24  Roach x4  
  62  8:25  Zergling x6  
  83  8:27  Drone x3  
  83  8:28  Queen  
  84  8:43  Overseer  
  84  8:45  Ravager x2  
  84  8:46  Ravager  
  84  8:48  Zergling x10  
  88  8:51  Baneling x4  
  88  8:52  Baneling x2  
  88  8:54  Ravager x2  
  88  8:55  Ravager x7  
  101  8:56  Roach x3  
  101  8:57  Roach x3  
  85  9:36  Zergling x18  
  85  9:37  Zergling x2  
  86  9:55  Roach  
  86  9:56  Roach x7  
  101  10:12  Roach x2  
  97  10:23  Zergling x2  
  97  10:24  Zergling x8  
  97  10:25  Ravager x3  
  97  10:26  Ravager x4  
  97  10:27  Ravager x3  
  97  10:28  Ravager x3  
  112  10:44  Zergling x2  
  112  10:45  Zergling x8  
  93  10:57  Zergling x6  
Show
View Real Time Build Order
Export as new Build Order

ÑêxKunin Terran 

Build Orders:  

Get SALT Encoding   

  12  0:01  SCV  
  13  0:13  SCV  
  14  0:21  Supply Depot  
  14  0:25  SCV  
  15  0:37  Refinery  
  15  0:43  Barracks  
  15  0:46  SCV  
  16  0:58  SCV  
  17  1:09  Barracks  
  17  1:10  SCV  
  18  1:22  SCV  
  19  1:31  Reaper  
  20  1:33  Supply Depot  
  20  1:37  Orbital Command  
  20  2:00  Reaper  
  21  2:02  SCV  
  21  2:03  Reaper  
  21  2:07  Refinery  
  24  2:28  Command Center, SCV  
  24  2:32  Marine  
  24  2:35  Marine  
  26  2:46  Factory  
  26  2:48  SCV  
  26  2:50  Marine  
  28  2:53  Marine  
  29  3:00  SCV  
  30  3:08  Marine  
  31  3:33  Marine, Supply Depot x2  
  31  3:34  Supply Depot  
  31  3:35  Supply Depot  
  31  3:40  Marine, SCV  
  31  3:48  Factory Reactor  
  31  3:51  Marine  
  32  3:58  Marine  
  32  4:02  SCV  
  34  4:03  Starport  
  34  4:09  Marine  
  35  4:15  Marine  
  36  4:22  Engineering Bay  
  36  4:23  Engineering Bay  
  36  4:27  Marine  
  36  4:28  Orbital Command  
  36  4:29  SCV  
  38  4:41  SCV  
  39  4:53  SCV  
  39  4:56  Terran Infantry Weapons Level 1  
  39  4:57  Terran Infantry Armor Level 1  
  39  4:58  Marine, Hellion x2  
  45  5:02  Marine  
  46  5:07  SCV  
  47  5:16  Medivac  
  47  5:19  Hellion  
  47  5:20  Hellion  
  53  5:21  Marine  
  53  5:22  Marine  
  55  5:34  Barracks  
  55  5:39  Marine x2  
  55  5:42  Starport  
  57  5:43  SCV, Hellion x2  
  57  5:46  Refinery  
  57  5:47  Missile Turret, Refinery  
  62  5:52  Missile Turret  
  62  5:53  Missile Turret  
  62  5:55  SCV  
  63  6:02  Starport Reactor  
  63  6:03  SCV  
  64  6:05  Armory  
  64  6:08  SCV  
  65  6:12  Barracks Tech Lab  
  65  6:19  Hellion x2  
  61  7:09  Liberator x2  
  59  7:19  Marauder  
  59  7:20  Barracks Tech Lab  
  51  7:23  Widow Mine x2  
  55  7:40  Marauder  
  49  7:51  Liberator x2  
  45  8:09  Marine x2  
  49  8:26  Marine  
  49  8:27  Marine  
  39  10:03  Liberator x2  
Tags
 
Add a new tag
Caveats
  • Supply blocks, unpowered buildings, or Contaminate may cause inaccurate times.
  • Supply counts are checked every 10 seconds.